 Dungeon Crawl Stone Soup version 0.21-a0-509-gecc5317402 (webtiles) character file.

25 Kaname the Magician (level 2, 19/19 HPs)
             Began as a Demonspawn Wizard on Nov 30, 2017.
             Quit the game on level 2 of the Dungeon.
             The game lasted 00:01:59 (789 turns).

Kaname the Magician (Demonspawn Wizard)              Turns: 789, Time: 00:01:59

Health: 19/19      AC:  2    Str:  7    XL:     2   Next: 82%
Magic:  2/6        EV: 13    Int: 19    God:
Gold:   58         SH:  3    Dex: 11    Spells: 4/7 levels left

rFire    . . .     SeeInvis .   j - +1 dagger (flame)
rCold    . . .     Gourm    .   k - +0 buckler
rNeg     . . .     Faith    .   a - +0 robe
rPois    .         Spirit   .   b - +0 hat
rElec    .         Reflect  .   (no cloak)
rCorr    .         Harm     .   (no gloves)
MR       .....                  (no boots)
Stlth    ++........             (no amulet)
HPRegen  0.06/turn              (no ring)
MPRegen  0.10/turn              (no ring)

@: no status effects
A: repulsion field 1
a: no special abilities


You were on level 2 of the Dungeon.
You were not hungry.

You visited 1 branch of the dungeon, and saw 2 of its levels.

You collected 58 gold pieces.

Inventory:

Hand Weapons
 j - a +1 dagger of flaming (weapon)
Armour
 a - a +0 robe (worn)
 b - a +0 hat (worn)
 k - a +0 buckler (worn)
Scrolls
 f - a scroll of fear {unknown}
 i - 2 scrolls of teleportation {unknown}
 l - 2 scrolls of remove curse {unknown}
Potions
 e - a potion of flight {unknown}
 g - a potion of heal wounds {unknown}
 h - 2 potions of curing {unknown}
 n - a potion of lignification {unknown}
Books
 c - a book of Minor Magic

   Spells                             Type                      Level
   a - Magic Dart                     Conjuration                  1
   b - Blink                          Translocation                2
   c - Call Imp                       Summoning                    2
   d - Slow                           Hexes                        2
   e - Conjure Flame                  Conjuration/Fire             3
   f - Mephitic Cloud                 Conjuration/Poison/Air       3
Comestibles
 d - 3 bread rations
 m - a meat ration


   Skills:
 - Level 1.7 Dodging
 - Level 1.7 Stealth
 - Level 3.0 Spellcasting
 + Level 2.9 Conjurations
   Level 1.0 Summonings
 - Level 0.8 Translocations


You had 4 spell levels left.
You knew the following spells:

 Your Spells              Type           Power        Failure   Level  Hunger
a - Magic Dart            Conj           ##..         8%          1    None
b - Blink                 Tloc           N/A          26%         2    ##.....


Dungeon Overview and Level Annotations

Branches:
Dungeon (2/15)

Altars:


Innate Abilities, Weirdness & Mutations

You are surrounded by a mild repulsion field. (EV +2)


Message History

The magic dart hits the bat.
The bat is severely wounded.
The bat hits you but does no damage.
Casting: Magic Dart
Confirm with . or Enter, or press ? or * to list all spells.
Aiming: Magic Dart
Press: ? - help, Shift-Dir - straight line, f/p - bat
Aim: a bat (severely wounded)
The magic dart hits the bat.
You kill the bat!
You hit the hobgoblin. You burn the hobgoblin.
You kill the hobgoblin!
No target in view!
No target in view!
No target in view!
You start resting.
HP restored.
You start resting.
Your magical contamination has completely faded away.
Are you sure you want to abandon this character and quit the game? (Confirm with "yes".)

###########
##########.........#
........##.##### .#
#...)........###.#
#...##@##.......<.#
. #.######.##### #.#
#.# ..# #.# ### #..
###


There were no monsters in sight!

Vanquished Creatures
  A dart slug (D:1)
  A leopard gecko (D:1)
  A giant cockroach (D:1)
  2 goblins (D:1)
  3 hobgoblins
  3 jackals (D:1)
  4 bats
  A frilled lizard (D:1)
  4 rats (D:1)
20 creatures vanquished.

Notes
Turn   | Place    | Note
-------+----------+-------------------------------------------
     0 | D:1      | Kaname the Demonspawn Wizard began the quest for the Orb.
     0 | D:1      | Reached XP level 1. HP: 13/13 MP: 4/4
   291 | D:1      | Gained mutation: You are surrounded by a mild repulsion field. (EV +2) [demonic ancestry]
   291 | D:1      | Reached XP level 2. HP: 19/19 MP: 3/6
   375 | D:1      | Learned a level 2 spell: Blink
   789 | D:2      | Quit the game

Vault maps used:
D:1:      minmay_arrival_stone_box
D:2:      first_bread

Skill      XL: |  1 |
---------------+----+-----
Conjurations   | 2 |  2.9
Dodging        | |  1.7
Stealth        | |  1.7
Spellcasting   | |  3.0
Summonings     | |  1.0
Translocations | |  0.8

Action                   || total
-------------------------++-------
Melee: Unarmed           ||     8
       Dagger            ||    10
 Cast: Magic Dart        ||    38
Armor: Robe              ||     6
Dodge: Dodged            ||    20
Block: Buckler           ||     2

Table legend:
 A = Spawn XP
 B = Non-spawn XP
 C = Spawn XP percentage of total XP
 D = Spawn monster count
 E = Non-spawn monster count
 F = Spawn count percentage of total count
 G = Total turns spent on level
                    A         B        C        D         E        F      G
               +---------+---------+-------+---------+---------+-------+---------
         Total |       0 |      36 |   0.0 |       0 |      20 |   0.0 |   789
               +---------+---------+-------+---------+---------+-------+---------
           D:1 |       0 |      33 |   0.0 |       0 |      18 |   0.0 |   755
           D:2 |       0 |       3 |   0.0 |       0 |       2 |   0.0 |    34
               +---------+---------+-------+---------+---------+-------+---------
